Orko, chaotic female orcish Rogue . ..-- ...?--- ..<.)... ......... M..q.... .....S.-- ....@.U.| ..o./...- ........ ..... d ... Orko the Rogue Experience level: 6 Strength: 16 Dexterity: 18 Constitution: 17 Intelligence: 8 Wisdom: 9 Charisma: 6 Health: 0(45) Energy: 16(16) Def: 7 Gold: 0 Moves: 2212 Dungeon seed: wifg7AD9ncPPLZYP Game ID: Orko_1571329163 Your Inventory: Rings w - an uncursed ring of regeneration C - an uncursed ring of sustain ability (on left hand) Armor h - an uncursed greased +0 orcish helm (being worn) n - a blessed greased +1 dwarvish cloak (being worn) u - an uncursed +1 leather armor (being worn) z - a cursed +0 pair of iron shoes (being worn) Weapons a - an uncursed +0 orcish dagger named . (alternate weapon; not wielded) b - an uncursed +0 orcish dagger c - an uncursed +0 orcish short sword (weapon in hand) g - an uncursed +0 dwarvish mattock named . v - an uncursed +0 crossbow x - 6 uncursed +0 darts (in quiver) y - 12 uncursed +0 crossbow bolts Wands Y - an uncursed wand of speed monster named ii (0:6) Comestibles M - an uncursed food ration N - an uncursed tin of kobold meat U - 3 uncursed tripe rations Z - an uncursed lichen corpse Tools e - an uncursed partly used tallow candle (lit) (0:141) j - an uncursed lock pick o - an uncursed sack named X Contents of the sack named X: an uncursed scroll of destroy armor 12 uncursed tallow candles (0:200) an uncursed worthless piece of orange glass named <$ 2 3 an uncursed worthless piece of violet glass named <@ 3* 2 uncursed worthless pieces of white glass 3 uncursed worthless pieces of yellow glass 34 gold pieces Spells and supernatural/magical abilities: Name Level Category Fail Memory a - force bolt 1 attack 89% 96% W - pray for help -- divine ? -- Your skills at the end: Fighting Skills Weapon Skills dagger [Basic] short sword [Basic] Spellcasting Skills Final Attributes: You were piously aligned. You were poison resistant. You were hallucinating. You were telepathic. You had infravision. You were stealthy. You were fast. You had fixed abilities. You are dead. Vanquished creatures: a small mimic a gnome king a fog cloud a shrieker a gnome lord a gnomish wizard a floating eye 3 dwarves a homunculus a werejackal an acid blob 3 coyotes a hobbit 3 giant rats 2 yellow molds 10 gnomes a gnome zombie 2 geckos a fox 2 kobolds 2 goblins 2 grid bugs a bat 3 lichens 2 kobold zombies 4 newts and a partridge in a pear tree 52 creatures vanquished. Voluntary challenges: You were an atheist. You used a wielded weapon 56 times, starting on turn 240. You read items or engraved 6 times, starting on turn 234. You never genocided any monsters. You never polymorphed an object. You never changed form. You used no wishes. You never split a pudding. You never wrote Elbereth's name. You violated your moral code, losing 20 points of alignment, starting on turn 277. You abstained from Elbereth's help. You werepermanently hallucinating. Dungeon overview: The Dungeons of Doom: levels 1 to 4 Level 1 a fountain a long staircase Level 2 Level 3 a general store stairs to The Gnomish Mines Level 4 The Gnomish Mines: levels 4 to 5 Level 4 stairs to The Dungeons of Doom Level 5 <- You were here History has recorded: On T:1 you entered the Dungeons of Doom to retrieve the Amulet of Yendor! On T:276 you reached level 2 of The Dungeons of Doom. On T:303 you advanced to experience level 2. On T:689 you advanced to experience level 3. On T:916 you reached level 3 of The Dungeons of Doom. On T:1264 you advanced to experience level 4. On T:1555 you reached level 4 of The Dungeons of Doom. On T:1688 you reached level 1 of The Gnomish Mines. On T:1707 you advanced to experience level 5. On T:2185 you reached level 2 of The Gnomish Mines. On T:2200 you advanced to experience level 6. Score breakdown: Gold: 34 ( 5252 points) Experience: 6 levels (12456 points) Exploration: 5 levels ( 10.87%) ( 8944 points) Discoveries: 9 items ( 3.14%) ( 5312 points) Valuables value: (no points given unless you survive) Artifact value: 0 ( 0 points) Variety of kills: 26 monsters ( 6.82%) ( 7836 points) Turncount: 2212 turns ( -149 points) Survival: died (score multiplied by 80%) Total score: 31720 Latest messages: x - 6 darts (in quiver). There are several objects here. w - a bronze ring. The gnome king wields an orcish dagger! You kill the fog cloud! You see here an orcish dagger. b - an orcish dagger. You kill the nurse! There are a few objects here. y - 12 crossbow bolts. The captain wields a dagger! The attorney throws a dagger! It misses. You hit it. The lion-dog plays a fire horn! The bolt of fire hits you! You die... Final status: Goodbye Orko the Rogue, killed by a bolt of fire... You died in The Gnomish Mines on dungeon level 5 with 31720 points, and 34 pieces of gold, after 2212 moves. You were level 6 with a maximum of 45 hit points when you died.